SNL (28 & UNDER)
BLACKIRON DRAGONS @ WICHITA WRANGLERS
07/11/2025
 
TOP OF THE 1ST
BlackIron Dragons batting - Pitching for Wichita Wranglers : LHP Jesús Martínez
Pitching: LHP Jesús Martínez
Batting: LHB Donnie Cunningham 0-0: Called Strike
0-1: Called Strike
0-2: Ball
1-2: Strikes out swinging
Batting: RHB Mark Arnold 0-0: Ground out 1-3 (Groundball, 15)
Batting: RHB Jesús Cruz 0-0: Ground out 6-3 (Groundball, 6)
Top of the 1st over - 0 run(s), 0 hit(s), 0 error(s), 0 left on base; BlackIron 0 - Wichita 0
BOTTOM OF THE 1ST
Wichita Wranglers batting - Pitching for BlackIron Dragons : LHP Ben Johnson
Pitching: LHP Ben Johnson
Batting: RHB Desi Thompson 0-0: Ball
1-0: Ball
2-0: SOLO HOME RUN (Flyball, 7D), Distance : 373 ft
Batting: SHB Shane Hutchinson 0-0: Ball
1-0: Ball
2-0: Foul Ball, location: 2F
2-1: Foul Ball, location: 2F
2-2: Ground out 4-3 (Groundball, 4)
Batting: RHB Bob Hall 0-0: Called Strike
0-1: Ball
1-1: Swinging Strike
1-2: Reached on error, E6 (Groundball, 6S)
Batting: LHB Aurelio Torrez 0-0: Ball
1-0: Ball
2-0: Swinging Strike
2-1: Ball
3-1: Base on Balls
Batting: RHB Ed Watkins 0-0: Reached on error, E4 (Groundball, 4)
Bob Hall to third
Aurelio Torrez to second
Batting: RHB Carlos Flores 0-0: Swinging Strike
0-1: Foul Ball, location: 2F
0-2: Foul Ball, location: 2F
0-2: Foul Ball, location: 2F
0-2: Fly out, F3 (Popup, 23F)
Batting: RHB James Stevens 0-0: Called Strike
0-1: Ball
1-1: Ground out 6-3 (Groundball, 6)
Bottom of the 1st over - 1 run(s), 1 hit(s), 2 error(s), 3 left on base; BlackIron 0 - Wichita 1
TOP OF THE 2ND
BlackIron Dragons batting - Pitching for Wichita Wranglers : LHP Jesús Martínez
Batting: RHB Gil Palmer 0-0: Ball
1-0: Ball
2-0: Called Strike
2-1: Foul Ball, location: 2F
2-2: Ball
3-2: Ground out 6-3 (Groundball, 6)
Batting: RHB Eugene Payne 0-0: Ball
1-0: Called Strike
1-1: Ball
2-1: SINGLE (Line Drive, 7S)
Batting: RHB Frank Maxwell 0-0: Foul Ball, location: 2F
0-1: Ball
1-1: Ball
2-1: Called Strike
2-2: Ball
3-2: Strikes out swinging
Eugene Payne is caught stealing 2nd base
Batter strikes out.
Top of the 2nd over - 0 run(s), 1 hit(s), 0 error(s), 0 left on base; BlackIron 0 - Wichita 1
BOTTOM OF THE 2ND
Wichita Wranglers batting - Pitching for BlackIron Dragons : LHP Ben Johnson
Batting: RHB Doug Delaney 0-0: Foul Ball, location: 2F
0-1: Foul Ball, location: 2F
0-2: Ball
1-2: Foul Ball, location: 2F
1-2: Foul Ball, location: 2F
1-2: Ball
2-2: Ball
3-2: Foul Ball, location: 2F
3-2: Reached on error, E5 (Groundball, 5L)
Batting: LHB Rusty Clinton 0-0: Ball
1-0: Ball
2-0: Foul Ball, location: 2F
2-1: Fly out, F7 (Flyball, 7LM)
Batting: RHB Desi Thompson 0-0: Called Strike
0-1: 2-RUN HOME RUN (Flyball, 78XD), Distance : 400 ft
Batting: SHB Shane Hutchinson 0-0: Ball
1-0: Ground out 6-3 (Groundball, 6)
Batting: RHB Bob Hall 0-0: SINGLE (Flyball, 4MD)
Batting: LHB Aurelio Torrez 0-0: Called Strike
0-1: Ground out 1-3 (Groundball, 13)
Bottom of the 2nd over - 2 run(s), 2 hit(s), 1 error(s), 1 left on base; BlackIron 0 - Wichita 3
TOP OF THE 3RD
BlackIron Dragons batting - Pitching for Wichita Wranglers : LHP Jesús Martínez
Batting: RHB Juan Hernández 0-0: Swinging Strike
0-1: Ball
1-1: Swinging Strike
1-2: Ball
2-2: Ball
3-2: Strikes out swinging
Batting: LHB Culley Vaughan 0-0: Ball
1-0: Ball
2-0: Swinging Strike
2-1: Ball
3-1: SOLO HOME RUN (Flyball, 9D), Distance : 376 ft
Batting: RHB Doug O'Brien 0-0: Ball
1-0: Ball
2-0: Ball
3-0: Called Strike
3-1: Base on Balls
Batting: LHB Donnie Cunningham 0-0: Swinging Strike
0-1: Swinging Strike
0-2: Ball
1-2: Strikes out looking
Batting: RHB Mark Arnold 0-0: Swinging Strike
0-1: Foul Ball, location: 2F
0-2: Ball
1-2: Foul Ball, location: 2F
1-2: Strikes out swinging
Top of the 3rd over - 1 run(s), 1 hit(s), 0 error(s), 1 left on base; BlackIron 1 - Wichita 3
BOTTOM OF THE 3RD
Wichita Wranglers batting - Pitching for BlackIron Dragons : LHP Ben Johnson
Batting: RHB Ed Watkins 0-0: Ball
1-0: Ball
2-0: Ball
3-0: Base on Balls
Batting: RHB Carlos Flores 0-0: Ball
1-0: Ball
2-0: Fly out, F8 (Flyball, 89D)
Batting: RHB James Stevens 0-0: Called Strike
0-1: Ball
1-1: Ball
2-1: Grounds into double play, 1-6-3 (Groundball, 13S)
Bottom of the 3rd over - 0 run(s), 0 hit(s), 0 error(s), 0 left on base; BlackIron 1 - Wichita 3
TOP OF THE 4TH
BlackIron Dragons batting - Pitching for Wichita Wranglers : LHP Jesús Martínez
Batting: RHB Jesús Cruz 0-0: Ball
1-0: Called Strike
1-1: Ball
2-1: SINGLE (Line Drive, 56)
Batting: RHB Gil Palmer 0-0: Ball
1-0: Swinging Strike
1-1: Grounds into double play, 6-4-3 (Groundball, 6)
Batting: RHB Eugene Payne 0-0: SINGLE (Groundball, 34S)
Batting: RHB Frank Maxwell 0-0: Called Strike
0-1: Ball
Wild Pitch!
Eugene Payne to second
1-1: SINGLE (Groundball, 56D) (infield hit)
Eugene Payne to third
Batting: RHB Juan Hernández 0-0: Ball
1-0: Foul Ball, location: 2F
1-1: SINGLE (Groundball, 56D)
Eugene Payne scores
Frank Maxwell to second
Batting: LHB Culley Vaughan 0-0: Ball
1-0: DOUBLE (Line Drive, 7LS)
Frank Maxwell scores
Juan Hernández to third
Runner from 3rd tries for Home, throw and OUT!
Top of the 4th over - 2 run(s), 5 hit(s), 0 error(s), 1 left on base; BlackIron 3 - Wichita 3
BOTTOM OF THE 4TH
Wichita Wranglers batting - Pitching for BlackIron Dragons : LHP Ben Johnson
Batting: RHB Doug Delaney 0-0: Called Strike
0-1: Foul Ball, location: 2F
0-2: Ball
1-2: Ball
2-2: SINGLE (Line Drive, 89S)
Batting: LHB Rusty Clinton 0-0: Ball
1-0: Ball
2-0: Foul Ball, location: 2F
2-1: SINGLE (Flyball, 9S)
Doug Delaney to second
Runner from 2nd tries for 3rd, SAFE, throw made to third
Batting: RHB Desi Thompson 0-0: Ball
1-0: Called Strike
1-1: Swinging Strike
1-2: Ball
2-2: Ball
3-2: Base on Balls
Rusty Clinton to second
Batting: SHB Shane Hutchinson 0-0: Called Strike
0-1: Fly out, F8 (Flyball, 8RS)
Batting: RHB Bob Hall 0-0: Ball
1-0: Foul Ball, location: 2F
1-1: Called Strike
1-2: SINGLE (Line Drive, 89S)
Doug Delaney scores
Rusty Clinton to third
Desi Thompson to second
Runner from 3rd tries for Home, SAFE, no throw or cutoff
Batting: LHB Aurelio Torrez 0-0: SINGLE (Line Drive, 89M)
Desi Thompson to third
Bob Hall to second
Runner from 3rd tries for Home, SAFE, no throw or cutoff
Batting: RHB Ed Watkins 0-0: Called Strike
0-1: Ball
1-1: SINGLE (Line Drive, 4D)
Bob Hall to third
Aurelio Torrez to second
Runner from 3rd tries for Home, SAFE, throw made home
Batting: RHB Carlos Flores 0-0: Foul Ball, location: 2F
0-1: Ball
1-1: Called Strike
1-2: Ground out 4-3 (Groundball, 4M)
Aurelio Torrez to third
Ed Watkins to second
Batting: RHB James Stevens 0-0: Ball
1-0: Ball
2-0: Called Strike
2-1: Ball
3-1: Base on Balls
Batting: RHB Doug Delaney 0-0: Ball
1-0: Ball
2-0: SINGLE (Line Drive, 78S)
Aurelio Torrez scores
Ed Watkins to third
James Stevens to second
Pitching: LHP Nick Walters
Batting: LHB Rusty Clinton 0-0: Ball
1-0: Called Strike
1-1: Ball
2-1: Fly out, F8 (Flyball, 8LM)
Bottom of the 4th over - 5 run(s), 6 hit(s), 0 error(s), 3 left on base; BlackIron 3 - Wichita 8
TOP OF THE 5TH
BlackIron Dragons batting - Pitching for Wichita Wranglers : LHP Jesús Martínez
Batting: RHB Doug O'Brien 0-0: Foul Ball, location: 2F
0-1: Called Strike
0-2: Foul Ball, location: 2F
0-2: Ball
1-2: Ball
2-2: Ball
3-2: SINGLE (Groundball, 56)
Batting: LHB Donnie Cunningham 0-0: Ball
1-0: Ball
2-0: Fielders Choice at 2nd, 4-6 (Groundball, 4)
Batting: RHB Mark Arnold 0-0: Ball
1-0: Called Strike
1-1: Ball
2-1: Grounds into double play, 1-6-3 (Groundball, 13S)
Top of the 5th over - 0 run(s), 1 hit(s), 0 error(s), 0 left on base; BlackIron 3 - Wichita 8
BOTTOM OF THE 5TH
Wichita Wranglers batting - Pitching for BlackIron Dragons : LHP Nick Walters
Batting: RHB Desi Thompson 0-0: Ball
1-0: Ball
2-0: Ball
3-0: Called Strike
3-1: Called Strike
3-2: Foul Ball, location: 2F
3-2: Base on Balls
Batting: SHB Shane Hutchinson 0-0: Called Strike
0-1: Swinging Strike
0-2: Ball
1-2: Strikes out swinging
Batting: RHB Bob Hall 0-0: Ball
1-0: SINGLE (Line Drive, 7S)
Desi Thompson to second
Batting: LHB Aurelio Torrez 0-0: Ball
1-0: Ball
2-0: Called Strike
2-1: Ball
3-1: Called Strike
3-2: Fly out, F8 (Flyball, 8LD)
Runner from 2nd tags up, SAFE at 3rd, no throw
Batting: RHB Ed Watkins 0-0: Swinging Strike
0-1: Ball
1-1: Called Strike
1-2: Ball
2-2: Foul Ball, location: 2F
2-2: Strikes out swinging
Bottom of the 5th over - 0 run(s), 1 hit(s), 0 error(s), 2 left on base; BlackIron 3 - Wichita 8
TOP OF THE 6TH
BlackIron Dragons batting - Pitching for Wichita Wranglers : LHP Jesús Martínez
Batting: RHB Jesús Cruz 0-0: Ball
1-0: Swinging Strike
1-1: SINGLE (Groundball, 56D)
Batting: RHB Gil Palmer 0-0: Foul Ball, location: 2F
0-1: Called Strike
0-2: Ball
1-2: Grounds into double play, 5-4-3 (Groundball, 5)
Batting: RHB Eugene Payne 0-0: Ball
1-0: Called Strike
1-1: Foul Ball, location: 2F
1-2: Strikes out swinging
Top of the 6th over - 0 run(s), 1 hit(s), 0 error(s), 0 left on base; BlackIron 3 - Wichita 8
BOTTOM OF THE 6TH
Wichita Wranglers batting - Pitching for BlackIron Dragons : LHP Nick Walters
Batting: RHB Carlos Flores 0-0: Ball
1-0: Foul Ball, location: 2F
1-1: Swinging Strike
1-2: Foul Ball, location: 2F
1-2: Foul Ball, location: 2F
1-2: Ball
2-2: Fly out, F4 (Popup, 4MD)
Batting: RHB James Stevens 0-0: Foul Ball, location: 2F
0-1: Foul Ball, location: 2F
0-2: Ball
1-2: Ball
2-2: Foul Ball, location: 2F
2-2: Strikes out swinging
Batting: RHB Doug Delaney 0-0: Called Strike
0-1: Ground out 6-3 (Groundball, 56)
Bottom of the 6th over - 0 run(s), 0 hit(s), 0 error(s), 0 left on base; BlackIron 3 - Wichita 8
TOP OF THE 7TH
BlackIron Dragons batting - Pitching for Wichita Wranglers : LHP Jesús Martínez
Pitching: RHP Craig Adams
Batting: RHB Frank Maxwell 0-0: Swinging Strike
0-1: Foul Ball, location: 2F
0-2: Foul Ball, location: 2F
0-2: Strikes out looking
Batting: RHB Juan Hernández 0-0: Foul Ball, location: 2F
0-1: Called Strike
0-2: Ball
1-2: Fly out, F3 (Line Drive, 34)
Batting: LHB Culley Vaughan 0-0: Ball
1-0: Foul Ball, location: 2F
1-1: Foul Ball, location: 2F
1-2: Strikes out swinging
Top of the 7th over - 0 run(s), 0 hit(s), 0 error(s), 0 left on base; BlackIron 3 - Wichita 8
BOTTOM OF THE 7TH
Wichita Wranglers batting - Pitching for BlackIron Dragons : LHP Nick Walters
Batting: LHB Rusty Clinton 0-0: Fly out, F5 (Popup, 5SF)
Pitching: RHP Luis Canseco
Batting: RHB Desi Thompson 0-0: Ball
1-0: Called Strike
1-1: Ball
2-1: Ball
3-1: Base on Balls
Batting: SHB Shane Hutchinson 0-0: Ball
Desi Thompson steals 2nd base
1-0: Ball
2-0: Ball
3-0: Called Strike
3-1: Foul Ball, location: 2F
3-2: Strikes out swinging
Batting: RHB Bob Hall 0-0: Ball
1-0: Called Strike
1-1: Foul Ball, location: 2F
1-2: Foul Ball, location: 2F
1-2: DOUBLE (Line Drive, 9LS)
Desi Thompson scores
Batting: LHB Aurelio Torrez 0-0: Ball
1-0: Foul Ball, location: 2F
1-1: Foul Ball, location: 2F
1-2: Foul Ball, location: 2F
1-2: Ball
2-2: Foul Ball, location: 2F
2-2: Ball
3-2: Foul Ball, location: 2F
3-2: Base on Balls
Batting: RHB Ed Watkins 0-0: Foul Ball, location: 2F
0-1: Fielders Choice at 2nd, 6-4 (Groundball, 6)
Bottom of the 7th over - 1 run(s), 1 hit(s), 0 error(s), 1 left on base; BlackIron 3 - Wichita 9
TOP OF THE 8TH
BlackIron Dragons batting - Pitching for Wichita Wranglers : RHP Craig Adams
Now at 2B: Dave Henderson
Batting: RHB Doug O'Brien 0-0: Called Strike
0-1: Ball
1-1: Ball
2-1: Swinging Strike
2-2: Strikes out swinging
Pitching: LHP José Gallegos
Batting: LHB Donnie Cunningham 0-0: Ball
1-0: DOUBLE (Flyball, 8LM)
Batting: RHB Mark Arnold 0-0: Ball
1-0: Swinging Strike
1-1: Called Strike
1-2: Strikes out looking
Batting: RHB Jesús Cruz 0-0: Ball
1-0: SINGLE (Line Drive, 56D)
Donnie Cunningham to third
Runner from 3rd tries for Home, throw and OUT!
Top of the 8th over - 0 run(s), 2 hit(s), 0 error(s), 1 left on base; BlackIron 3 - Wichita 9
BOTTOM OF THE 8TH
Wichita Wranglers batting - Pitching for BlackIron Dragons : RHP Luis Canseco
Batting: RHB Carlos Flores 0-0: Foul Ball, location: 2F
0-1: Ball
1-1: Foul Ball, location: 2F
1-2: Ball
2-2: Ball
3-2: Base on Balls
Batting: RHB James Stevens 0-0: Bunt missed!
0-1: Sac Bunt - play at second, runner OUT! 1-6
Batting: RHB Doug Delaney 0-0: Ball
1-0: Swinging Strike
1-1: Ball
Passed Ball!
James Stevens to second
2-1: Ball
Wild Pitch!
James Stevens to third
3-1: Base on Balls
Batting: LHB Rusty Clinton 0-0: Ball
1-0: Called Strike
1-1: Swinging Strike
1-2: Strikes out swinging
Batting: RHB Desi Thompson 0-0: Called Strike
0-1: Ball
1-1: Ball
2-1: Ball
3-1: Base on Balls
Doug Delaney to second
Batting: RHB Dave Henderson 0-0: Swinging Strike
0-1: Swinging Strike
0-2: Fly out, F9 (Flyball, 9M)
Bottom of the 8th over - 0 run(s), 0 hit(s), 0 error(s), 3 left on base; BlackIron 3 - Wichita 9
TOP OF THE 9TH
BlackIron Dragons batting - Pitching for Wichita Wranglers : LHP José Gallegos
Now in RF: Werner Watkins
Batting: RHB Gil Palmer 0-0: Ball
1-0: Ball
2-0: Ball
3-0: Called Strike
3-1: Called Strike
3-2: Base on Balls
Batting: RHB Eugene Payne 0-0: Called Strike
0-1: Called Strike
0-2: Foul Ball, location: 2F
0-2: Strikes out swinging
Batting: RHB Frank Maxwell 0-0: Swinging Strike
0-1: Ball
1-1: Foul Ball, location: 2F
1-2: Ball
2-2: Ball
3-2: Base on Balls
Gil Palmer to second
Batting: RHB Juan Hernández 0-0: Grounds into double play, 4-6-3 (Groundball, 4)
Top of the 9th over - 0 run(s), 0 hit(s), 0 error(s), 1 left on base; BlackIron 3 - Wichita 9
This league is powered by Out of the Park Baseball, the baseball management simulation game for PC, Mac and Linux
Tuesday, August 2nd, 2016 - OOTP Baseball 16.8 Build 38